 Dungeon Crawl Stone Soup version 0.28.0-53-g5a82cb258f (webtiles) character file.

Game seed: 8580261740012988063

23 styxcanada the Sneak (level 2, -1/14 HPs)
             Began as a Spriggan Brigand on July 3, 2022.
             Hit by a stone thrown by a kobold (2 damage)
             ... on level 1 of the Dungeon.
             The game lasted 00:03:12 (1042 turns).

styxcanada the Sneak (Spriggan Brigand)             Turns: 1042, Time: 00:03:13

Health: -1/14      AC:  3    Str:  7    XL:     2   Next: 72%
Magic:  3/3        EV: 16    Int: 12    God:
Gold:   30         SH:  0    Dex: 16    Spells: 0/1 levels left

rFire   . . .      SeeInvis +   g - +1 dagger (vamp)
rCold   . . .      Faith    .   (no shield)
rNeg    . . .      Spirit   .   b - +0 robe
rPois   .          Reflect  .   (helmet restricted)
rElec   .          Harm     .   c - +0 cloak
rCorr   .          Rampage  .   (gloves unavailable)
Will    .....                   (boots unavailable)
Stlth   ++++......              (no amulet)
HPRegen 0.04/turn               (no ring)
MPRegen 0.08/turn               (no ring)

@: very quick
A: very small, no large weapons, unfitting armour, see invisible, speed 3
a: no special abilities


You were on level 1 of the Dungeon.
You visited 1 branch of the dungeon, and saw 1 of its levels.

You collected 30 gold pieces.

Inventory:

Hand Weapons
 a - a +2 dagger
 g - a +1 vampiric dagger (weapon)
Missiles
 d - 10 poisoned darts (quivered)
 e - 2 curare-tipped darts
 h - 2 stones
 j - 22 sling bullets
Armour
 b - a +0 robe (worn)
 c - a +0 cloak (worn)
Scrolls
 f - a scroll of enchant weapon {unknown}
 i - a scroll of amnesia {unknown}
 k - a scroll of enchant armour {unknown}


   Skills:
 * Level 1.6 Fighting
 + Level 2.2 Short Blades
 + Level 2.2 Throwing
 * Level 1.4 Dodging
 * Level 6.8 Stealth
 * Level 0.4 Spellcasting
 * Level 0.1 Earth Magic


You couldn't memorise any spells.
You knew the following spells:

 Your Spells              Type           Power      Damage    Failure   Level
a - Sandblast             Erth           0%         2d4       30%         1

Your spell library contained the following spells:

 Spells                   Type           Power      Damage    Failure   Level
 Passwall                 Tmut/Erth      0%         N/A       43%         2
 Stone Arrow              Conj/Erth      0%         3d7       67%         3


Dungeon Overview and Level Annotations

Branches:
Dungeon (1/15)

Altars:


Innate Abilities, Weirdness & Mutations

You are very small and have problems with some larger weapons.
You are too small for most types of armour.
You have supernaturally acute eyesight. (SInv)
You cover ground extremely quickly. (Speed+++)


Message History

You see here a +0 hand axe.
A ball python, a rat and a kobold come into view.
A giant cockroach comes into view.
The kobold shouts!
You catch the helpless ball python completely off-guard!
You puncture the ball python!
You kill the ball python!
The kobold throws a stone.
The stone barely misses you. The kobold misses you.
You hit the kobold but do no damage. You hit the kobold but do no damage.
The kobold hits you with a +0 short sword.
You barely miss the kobold. The kobold hits you but does no damage.
You closely miss the kobold.
The kobold hits you with a +0 short sword.
You closely miss the kobold. The kobold misses you.
You hit the kobold but do no damage.
The kobold hits you with a +0 short sword.
You closely miss the kobold.
The rat twitches its whiskers.
The kobold hits you with a +0 short sword.
* * * LOW HITPOINT WARNING * * *
You hit the kobold but do no damage. The kobold barely misses you.
Throw: 12 darts (poison)
Press: ? - help, Q - select action, (/) - cycle Shift-Dir - straight line, f - kobold
Aim: a kobold, wielding a +0 short sword and quivering stones (53% to hit)
You throw a poisoned dart.
The poisoned dart closely misses the kobold.
The poisoned dart hits the rat.
The rat is poisoned.
Throw: 11 darts (poison)
Press: ? - help, Q - select action, (/) - cycle Shift-Dir - straight line, f/p - kobold
Aim: a kobold, wielding a +0 short sword and quivering stones (53% to hit)
You throw a poisoned dart. The poisoned dart hits the kobold.
The kobold is poisoned.
Unknown command.
You feel a bit more experienced.
The kobold throws a stone.
The stone misses you.
You see here a +0 hand axe.
The kobold throws a stone.
The stone hits you.
You die...

##..#.#.#
#...#.# ###.###
# ### #.##...#
..# #.##.### #.#
#.##.# #.#
#.##.### ###)#
#.##...# #..)#
#.#.@..###
###.###
#B#.#....# #...#
#.#)#....###..##
#r#.###.......#
#(#.# #.......#
#.#K# #########
#.B.# #####


You could see a giant cockroach and a kobold (poisoned).

Vanquished Creatures
  A ball python (D:1)
  3 bats (D:1)
  2 endoplasms (D:1)
  A giant cockroach (D:1)
  3 goblins (D:1)
  A hobgoblin (D:1)
  2 jackals (D:1)
  3 kobolds (D:1)
  A quokka (D:1)
  3 rats (D:1)
20 creatures vanquished.

Notes
Turn   | Place    | Note
-------+----------+-------------------------------------------
     0 | D:1      | styxcanada the Spriggan Brigand began the quest for the
                  | Orb.
     0 | D:1      | Reached XP level 1. HP: 10/10 MP: 2/2
    61 | D:1      | Reached skill level 6 in Stealth
   434 | D:1      | Reached XP level 2. HP: 14/14 MP: 3/3
   597 | D:1      | Learned a level 1 spell: Sandblast
  1042 | D:1      | Hit by a stone thrown by a kobold

Illustrated notes

Levels and vault maps discovered:
D:1:      wheals_arrival_linesprint, layout_basic, grunt_decor_cap,
          minmay_quantized

Skill      XL: |  1 |
---------------+----+-----
Stealth        | 6 |  6.8
Fighting       | |  1.6
Short Blades   | |  2.2
Throwing       | |  2.2
Dodging        | |  1.4
Spellcasting   | |  0.4
Earth Magic    | |  0.1

Action                   || total
-------------------------++-------
Melee: Dagger            ||    63
       Punch             ||     1
Throw: Dart              ||     4
 Stab: Sleeping          ||     8
       Distracted        ||     1
Armor: Robe              ||    13
Dodge: Dodged            ||    34
